| TOP OF THE 1ST |
|
Baltimore Orioles batting - Pitching for Minnesota Twins : RHP Marcos Ortega
|
|
Pitching: RHP Marcos Ortega
|
|
|
Batting: SHB Willie McGee
|
0-0: Called Strike 0-1: Foul Ball, location: 2F 0-2: Ball 1-2: Foul Ball, location: 2F 1-2: Strikes out swinging
|
|
Batting: SHB Johnny Ray
|
0-0: Called Strike 0-1: Ball 1-1: Swinging Strike 1-2: SINGLE (Groundball, 6D, EV 110.6 MPH)
|
|
Batting: LHB Dave Parker
|
0-0: Called Strike Johnny Ray steals 2nd base 0-1: Foul Ball, location: 2F 0-2: Ball 1-2: Foul Ball, location: 2F 1-2: Ground out U3 (Groundball, 3L, EV 101.3 MPH) Johnny Ray to third
|
|
Batting: RHB Dwight Evans
|
0-0: Called Strike 0-1: Fly out, F4 (Popup, 4D, EV 57.5 MPH)
|
| Top of the 1st over - 0 runs, 1 hit, 0 errors, 1 left on base; Baltimore 0 - Minnesota 0 |
| BOTTOM OF THE 1ST |
|
Minnesota Twins batting - Pitching for Baltimore Orioles : RHP Kyle Monroe
|
|
Pitching: RHP Kyle Monroe
|
|
|
Batting: RHB Lee Lacy
|
0-0: Ball 1-0: Called Strike 1-1: Ground out 4-3 (Groundball, 4S, EV 73.1 MPH)
|
|
Batting: RHB Steve Brye
|
0-0: Called Strike 0-1: Ball 1-1: Foul Ball, location: 2F 1-2: Ball 2-2: Fly out, F8 (Flyball, 8RD, EV 104.4 MPH)
|
|
Batting: RHB Matt Cooper
|
0-0: Called Strike 0-1: Called Strike 0-2: Foul Ball, location: 2F 0-2: Foul Ball, location: 2F 0-2: Fly out, F8 (Line Drive, 8RD, EV 83.8 MPH)
|
| Bottom of the 1st over - 0 runs, 0 hits, 0 errors, 0 left on base; Baltimore 0 - Minnesota 0 |
| TOP OF THE 2ND |
|
Baltimore Orioles batting - Pitching for Minnesota Twins : RHP Marcos Ortega
|
|
Batting: LHB Fred Lynn
|
0-0: Ball 1-0: Called Strike 1-1: Called Strike 1-2: Foul Ball, location: 2F 1-2: Strikes out looking
|
|
Batting: SHB Steve R Ontiveros
|
0-0: Called Strike 0-1: Called Strike 0-2: Ball 1-2: Strikes out swinging
|
|
Batting: RHB Matt Rice
|
0-0: Fly out, F8 (Flyball, 8RD, EV 100.0 MPH)
|
| Top of the 2nd over - 0 runs, 0 hits, 0 errors, 0 left on base; Baltimore 0 - Minnesota 0 |
| BOTTOM OF THE 2ND |
|
Minnesota Twins batting - Pitching for Baltimore Orioles : RHP Kyle Monroe
|
|
Batting: RHB Randy Edwards
|
0-0: Foul Ball, location: 2F 0-1: Swinging Strike 0-2: Foul Ball, location: 2F 0-2: Ball 1-2: DOUBLE (Line Drive, 78XD, EV 100.0 MPH)
|
|
Batting: RHB Larry Hisle
|
0-0: Ball 1-0: Called Strike 1-1: Foul Ball, location: 2F 1-2: SINGLE (Line Drive, 8RS, EV 92.5 MPH) Randy Edwards to third Runner from 3rd tries for Home, SAFE, throw by CF to home
|
|
Batting: RHB George Foster
|
0-0: Called Strike 0-1: Bunted foul 0-2: Foul Ball, location: 2F 0-2: Foul Ball, location: 2F 0-2: Grounds into double play, 5-4-3 (Groundball, 56S, EV 88.8 MPH)
|
|
Batting: RHB Chet Lemon
|
0-0: Ball 1-0: Ball 2-0: Foul Ball, location: 2F 2-1: Foul Ball, location: 2F 2-2: Ball 3-2: Fly out, F6 (Popup, 6, EV 60.0 MPH)
|
| Bottom of the 2nd over - 1 run, 2 hits, 0 errors, 0 left on base; Baltimore 0 - Minnesota 1 |
| TOP OF THE 3RD |
|
Baltimore Orioles batting - Pitching for Minnesota Twins : RHP Marcos Ortega
|
|
Batting: RHB Jim Sundberg
|
0-0: Foul Ball, location: 2F 0-1: Ground out 6-3 (Groundball, 56, EV 83.1 MPH)
|
|
Batting: RHB Garth Iorg
|
0-0: Called Strike 0-1: Ball 1-1: Ball 2-1: Ball 3-1: Called Strike 3-2: Ground out 6-3 (Groundball, 56D, EV 108.1 MPH)
|
|
Batting: SHB Willie McGee
|
0-0: Ball 1-0: Called Strike 1-1: Ball 2-1: Ball 3-1: Foul Ball, location: 2F 3-2: SINGLE (Line Drive, 6D, EV 97.5 MPH)
|
|
Batting: SHB Johnny Ray
|
0-0: SINGLE (Line Drive, 9S, EV 105.6 MPH) Willie McGee to second Willie McGee to third
|
|
Batting: LHB Dave Parker
|
0-0: Ball 1-0: Foul Ball, location: 2F 1-1: Swinging Strike 1-2: Ball 2-2: Ball 3-2: Foul Ball, location: 2F 3-2: Strikes out looking
|
| Top of the 3rd over - 0 runs, 2 hits, 0 errors, 2 left on base; Baltimore 0 - Minnesota 1 |
| BOTTOM OF THE 3RD |
|
Minnesota Twins batting - Pitching for Baltimore Orioles : RHP Kyle Monroe
|
|
Batting: RHB Brook Jacoby
|
0-0: Called Strike 0-1: Foul Ball, location: 2F 0-2: Ball 1-2: Fly out, F8 (Flyball, 8RD, EV 93.1 MPH)
|
|
Batting: LHB Ken Oberkfell
|
0-0: Ball 1-0: Ball 2-0: Ball 3-0: Base on Balls
|
|
Batting: RHB Lee Lacy
|
0-0: Ball 1-0: Swinging Strike 1-1: Foul Ball, location: 2F 1-2: Foul Ball, location: 2F 1-2: Foul Ball, location: 2F 1-2: Fielders Choice at 2nd, 5-4 (Groundball, 56, EV 101.3 MPH)
|
|
Batting: RHB Steve Brye
|
0-0: Ball 1-0: Foul Ball, location: 2F 1-1: Ball 2-1: Fly out, F7 (Flyball, 7, EV 91.9 MPH)
|
| Bottom of the 3rd over - 0 runs, 0 hits, 0 errors, 1 left on base; Baltimore 0 - Minnesota 1 |
| TOP OF THE 4TH |
|
Baltimore Orioles batting - Pitching for Minnesota Twins : RHP Marcos Ortega
|
|
Batting: RHB Dwight Evans
|
0-0: Ball 1-0: Ball 2-0: Swinging Strike 2-1: Foul Ball, location: 2F 2-2: Fly out, F8 (Flyball, 78D, EV 99.4 MPH)
|
|
Batting: LHB Fred Lynn
|
0-0: Called Strike 0-1: Foul Ball, location: 2F 0-2: Ball 1-2: Strikes out swinging
|
|
Batting: SHB Steve R Ontiveros
|
0-0: Called Strike 0-1: Ball 1-1: Swinging Strike 1-2: Strikes out swinging
|
| Top of the 4th over - 0 runs, 0 hits, 0 errors, 0 left on base; Baltimore 0 - Minnesota 1 |
| BOTTOM OF THE 4TH |
|
Minnesota Twins batting - Pitching for Baltimore Orioles : RHP Kyle Monroe
|
|
Batting: RHB Matt Cooper
|
0-0: Ball 1-0: Called Strike 1-1: Ground out 4-3 (Groundball, 4M, EV 78.8 MPH)
|
|
Batting: RHB Randy Edwards
|
0-0: Called Strike 0-1: Called Strike 0-2: Ball 1-2: Fly out, F7 (Flyball, 7LD, EV 102.5 MPH)
|
|
Batting: RHB Larry Hisle
|
0-0: Swinging Strike 0-1: Swinging Strike 0-2: Ball 1-2: Ball 2-2: DOUBLE (Flyball, 89D, EV 100.6 MPH)
|
|
Batting: RHB George Foster
|
0-0: Called Strike 0-1: Ball 1-1: Ground out 3-1 (Groundball, 34, EV 97.5 MPH)
|
| Bottom of the 4th over - 0 runs, 1 hit, 0 errors, 1 left on base; Baltimore 0 - Minnesota 1 |
| TOP OF THE 5TH |
|
Baltimore Orioles batting - Pitching for Minnesota Twins : RHP Marcos Ortega
|
|
Batting: RHB Matt Rice
|
0-0: Called Strike 0-1: Ball 1-1: Swinging Strike 1-2: Ball 2-2: Fly out, F6 (Popup, 6S, EV 86.3 MPH)
|
|
Batting: RHB Jim Sundberg
|
0-0: Called Strike 0-1: Ball 1-1: Foul Ball, location: 2F 1-2: Strikes out swinging
|
|
Batting: RHB Garth Iorg
|
0-0: Ball 1-0: Called Strike 1-1: Swinging Strike 1-2: Strikes out looking
|
| Top of the 5th over - 0 runs, 0 hits, 0 errors, 0 left on base; Baltimore 0 - Minnesota 1 |
| BOTTOM OF THE 5TH |
|
Minnesota Twins batting - Pitching for Baltimore Orioles : RHP Kyle Monroe
|
|
Batting: RHB Chet Lemon
|
0-0: Foul Ball, location: 2F 0-1: Ball 1-1: Called Strike 1-2: Ground out 4-3 (Groundball, 4S, EV 74.4 MPH)
|
|
Batting: RHB Brook Jacoby
|
0-0: Ball 1-0: Swinging Strike 1-1: Foul Ball, location: 2F 1-2: Foul Ball, location: 2F 1-2: Ball 2-2: Ground out 4-3 (Groundball, 4MD, EV 107.5 MPH)
|
|
Batting: LHB Ken Oberkfell
|
0-0: Ground out 4-3 (Groundball, 4, EV 81.9 MPH)
|
| Bottom of the 5th over - 0 runs, 0 hits, 0 errors, 0 left on base; Baltimore 0 - Minnesota 1 |
| TOP OF THE 6TH |
|
Baltimore Orioles batting - Pitching for Minnesota Twins : RHP Marcos Ortega
|
|
Batting: SHB Willie McGee
|
0-0: Ball 1-0: SINGLE (Line Drive, 7LS, EV 104.4 MPH)
|
|
Batting: SHB Johnny Ray
|
0-0: Ball 1-0: Called Strike 1-1: Called Strike Willie McGee steals 2nd base (no throw) 1-2: Foul Ball, location: 2F 1-2: Ball 2-2: Foul Ball, location: 2F 2-2: SINGLE (Groundball, 6M, EV 104.4 MPH) (infield hit) Willie McGee to third
|
|
Batting: LHB Dave Parker
|
0-0: Ball 1-0: Foul Ball, location: 2F 1-1: Ball 2-1: Fly out, F8 (Line Drive, 8RM, EV 91.9 MPH) Runner from 3rd tags up, SCORES, no throw by CF
|
|
Batting: RHB Dwight Evans
|
0-0: Ball 1-0: Ball 2-0: Swinging Strike 2-1: Ball 3-1: Base on Balls Johnny Ray to second
|
|
Batting: LHB Fred Lynn
|
0-0: Swinging Strike 0-1: Ball 1-1: Ball 2-1: Ball 3-1: SINGLE (Groundball, 4MD, EV 103.8 MPH) Johnny Ray to third Dwight Evans to second Runner from 3rd tries for Home, SAFE, throw by CF to home Dwight Evans to third Fred Lynn to second
|
|
Batting: SHB Steve R Ontiveros
|
0-0: Ball 1-0: Ball 2-0: Swinging Strike 2-1: Ball 3-1: Called Strike 3-2: Strikes out swinging
|
|
Pitching: LHP Tom Hall
|
|
|
Batting: RHB Matt Rice
|
0-0: Ball 1-0: Called Strike 1-1: Called Strike 1-2: Ball 2-2: Strikes out swinging
|
| Top of the 6th over - 2 runs, 3 hits, 0 errors, 2 left on base; Baltimore 2 - Minnesota 1 |
| BOTTOM OF THE 6TH |
|
Minnesota Twins batting - Pitching for Baltimore Orioles : RHP Kyle Monroe
|
|
Batting: RHB Lee Lacy
|
0-0: Ball 1-0: Ground out 5-3 (Groundball, 56, EV 104.4 MPH)
|
|
Batting: RHB Steve Brye
|
0-0: Called Strike 0-1: Ground out 5-3 (Groundball, 56, EV 84.4 MPH)
|
|
Batting: RHB Matt Cooper
|
0-0: Ball 1-0: SOLO HOME RUN (Flyball, 7D, EV 107.5 MPH), Distance : 377 ft
|
|
Batting: RHB Randy Edwards
|
0-0: Ball 1-0: Ball 2-0: Called Strike 2-1: Swinging Strike 2-2: Foul Ball, location: 2F 2-2: Ball 3-2: DOUBLE (Line Drive, 7LM, EV 106.9 MPH)
|
|
Batting: RHB Larry Hisle
|
0-0: Called Strike 0-1: Ball 1-1: Called Strike 1-2: Ball 2-2: Ball 3-2: Fly out, F9 (Flyball, 89XD, EV 93.1 MPH)
|
| Bottom of the 6th over - 1 run, 2 hits, 0 errors, 1 left on base; Baltimore 2 - Minnesota 2 |
| TOP OF THE 7TH |
|
Baltimore Orioles batting - Pitching for Minnesota Twins : LHP Tom Hall
|
|
Batting: RHB Jim Sundberg
|
0-0: SINGLE (Groundball, 6S, EV 71.9 MPH) (infield hit)
|
|
Batting: RHB Garth Iorg
|
0-0: Sac Bunt to P - play at first, batter safe! Jim Sundberg to second
|
|
Batting: SHB Willie McGee
|
0-0: Foul Ball, location: 2F 0-1: Swinging Strike 0-2: Strikes out swinging
|
|
Batting: SHB Johnny Ray
|
0-0: Foul Ball, location: 2F 0-1: Ball 1-1: Ball 2-1: Called Strike 2-2: Strikes out swinging
|
|
Batting: LHB Dave Parker
|
0-0: SINGLE (Line Drive, 4D, EV 96.9 MPH) Jim Sundberg to third Garth Iorg to second Runner from 3rd tries for Home, SAFE, throw by CF to home
|
|
Batting: RHB Dwight Evans
|
0-0: Foul Ball, location: 2F 0-1: Ball 1-1: Reached on error, E2 (Groundball, 2R, EV 70.6 MPH) Garth Iorg scores Dave Parker to third
|
|
Batting: LHB Fred Lynn
|
0-0: Called Strike 0-1: SINGLE (Line Drive, 9S, EV 91.9 MPH) Dave Parker scores Dwight Evans to third Runner from 3rd tries for Home, SAFE, throw by RF to home
|
|
Pitching: RHP Mark Fidrych
|
|
|
Batting: SHB Steve R Ontiveros
|
0-0: Ball 1-0: Fly out, F8 (Flyball, 8LXD, EV 86.3 MPH)
|
| Top of the 7th over - 4 runs, 4 hits, 1 error, 1 left on base; Baltimore 6 - Minnesota 2 |
| BOTTOM OF THE 7TH |
|
Minnesota Twins batting - Pitching for Baltimore Orioles : RHP Kyle Monroe
|
|
Now at 3B: Mike Henderson
|
|
|
Now in CF: Mark Brouhard
|
|
|
Batting: RHB George Foster
|
0-0: Called Strike 0-1: Ball 1-1: Foul Ball, location: 2F 1-2: Ball 2-2: Ball 3-2: Ground out 5-3 (Groundball, 56, EV 86.3 MPH)
|
|
Pitching: LHP Dave LaRoche
|
|
|
Batting: RHB Chet Lemon
|
0-0: Called Strike 0-1: SINGLE (Groundball, 6MD, EV 102.5 MPH)
|
|
Batting: RHB Brook Jacoby
|
0-0: Ball Wild Pitch! Chet Lemon to second 1-0: Ball 2-0: Called Strike 2-1: Foul Ball, location: 2F 2-2: Ball 3-2: Ground out 5-3 (Groundball, 56, EV 108.1 MPH)
|
|
Batting: LHB Ken Oberkfell
|
0-0: Ball 1-0: SINGLE (Line Drive, 4MD, EV 100.0 MPH) Chet Lemon to third Runner from 3rd tries for Home, SAFE, throw by CF to home
|
|
Batting: RHB Lee Lacy
|
0-0: Ball 1-0: Called Strike 1-1: Foul Ball, location: 2F 1-2: SINGLE (Line Drive, 6D, EV 95.6 MPH) Ken Oberkfell to second
|
|
Batting: RHB Steve Brye
|
0-0: Reached via error on a dropped throw from 3B, E3 (Groundball, 56, EV 78.1 MPH) Ken Oberkfell to third Lee Lacy to second
|
|
Batting: RHB Matt Cooper
|
0-0: Foul Ball, location: 2F 0-1: SINGLE (Line Drive, 34D, EV 103.1 MPH) Ken Oberkfell scores Lee Lacy to third Steve Brye to second Runner from 3rd tries for Home, SAFE, throw by RF to home
|
|
Pitching: RHP John Howell
|
|
|
Batting: RHB Randy Edwards
|
0-0: Ground out U3 (Groundball, 34S, EV 83.1 MPH)
|
| Bottom of the 7th over - 3 runs, 4 hits, 1 error, 2 left on base; Baltimore 6 - Minnesota 5 |
| TOP OF THE 8TH |
|
Baltimore Orioles batting - Pitching for Minnesota Twins : RHP Mark Fidrych
|
|
Pitching: RHP Stephen Fuller
|
|
|
Batting: RHB Matt Rice
|
0-0: Ball 1-0: Foul Ball, location: 2F 1-1: Ball 2-1: Ball 3-1: Called Strike 3-2: Foul Ball, location: 2F 3-2: Strikes out swinging
|
|
Batting: RHB Jim Sundberg
|
0-0: Called Strike 0-1: Ball 1-1: Ball 2-1: Ground out 6-3 (Groundball, 6, EV 101.9 MPH)
|
|
Batting: RHB Garth Iorg
|
0-0: Called Strike 0-1: Ball 1-1: Ball 2-1: Ball 3-1: Swinging Strike 3-2: Strikes out looking
|
| Top of the 8th over - 0 runs, 0 hits, 0 errors, 0 left on base; Baltimore 6 - Minnesota 5 |
| BOTTOM OF THE 8TH |
|
Minnesota Twins batting - Pitching for Baltimore Orioles : RHP John Howell
|
|
Batting: RHB Larry Hisle
|
0-0: Ball 1-0: Foul Ball, location: 2F 1-1: SINGLE (Line Drive, 8LS, EV 88.8 MPH)
|
|
Batting: RHB George Foster
|
0-0: Fly out, F9 (Line Drive, 9D, EV 110.0 MPH)
|
|
Batting: RHB Chet Lemon
|
0-0: Ball 1-0: Ball 2-0: Ball 3-0: Fly out, F5 (Popup, 5SF, EV 87.5 MPH)
|
|
Batting: RHB Brook Jacoby
|
0-0: Ball 1-0: Swinging Strike 1-1: Ball 2-1: Called Strike 2-2: Foul Ball, location: 2F Balk! Larry Hisle to second 2-2: Foul Ball, location: 2F 2-2: Ball 3-2: Fly out, F9 (Flyball, 9, EV 98.1 MPH)
|
| Bottom of the 8th over - 0 runs, 1 hit, 0 errors, 1 left on base; Baltimore 6 - Minnesota 5 |
| TOP OF THE 9TH |
|
Baltimore Orioles batting - Pitching for Minnesota Twins : RHP Stephen Fuller
|
|
Batting: SHB Willie McGee
|
0-0: Ball 1-0: Ground out 5-3 (Groundball, 5, EV 80.6 MPH)
|
|
Batting: RHB Mark Brouhard
|
0-0: Called Strike 0-1: Ball 1-1: Ball 2-1: Foul Ball, location: 2F 2-2: Strikes out swinging
|
|
Batting: SHB Mike Henderson
|
0-0: Ball 1-0: Ball 2-0: Called Strike 2-1: Ground out 6-3 (Groundball, 6, EV 96.9 MPH)
|
| Top of the 9th over - 0 runs, 0 hits, 0 errors, 0 left on base; Baltimore 6 - Minnesota 5 |
| BOTTOM OF THE 9TH |
|
Minnesota Twins batting - Pitching for Baltimore Orioles : RHP John Howell
|
|
Batting: LHB Ken Oberkfell
|
0-0: Ball 1-0: SINGLE (Line Drive, 78S, EV 97.5 MPH)
|
|
Batting: RHB Lee Lacy
|
0-0: Called Strike 0-1: Foul Ball, location: 2F 0-2: Ball 1-2: Ball 2-2: Strikes out swinging
|
|
Batting: RHB Steve Brye
|
0-0: Called Strike 0-1: Called Strike 0-2: Foul Ball, location: 2F 0-2: Ball 1-2: Ball 2-2: Foul Ball, location: 2F 2-2: Ball 3-2: SINGLE (Flyball, 78S, EV 98.1 MPH) Ken Oberkfell to second
|
|
Pinch Runner at 2nd Tony Bernazard:
|
|
|
Batting: RHB Matt Cooper
|
0-0: Ball 1-0: Called Strike 1-1: Ball 2-1: Grounds into double play, 5-4-3 (Groundball, 5, EV 81.9 MPH)
|
| Bottom of the 9th over - 0 runs, 2 hits, 0 errors, 1 left on base; Baltimore 6 - Minnesota 5 |
|